Map: Solaris LE

Players

Anunaki - Winner!

  • Race: Terran Terran
  • League: Diamond
  • Spawn Location: 7:00

Subwayeatn

  • Race: Zerg Zerg
  • League: Platinum
  • Spawn Location: 1:00

VOD

Have the link to the VOD?

Description

Time

  • Played on: Nov. 8, 2023, 2:09 p.m.
  • Length: 8:25
Show
View Real Time Build Order
Export as new Build Order

Anunaki Terran - Winner!

Build Orders: Liberator Opening, Reaper Expand 

Get SALT Encoding   

  12  0:00  SCV  
  13  0:13  SCV  
  14  0:18  Supply Depot  
  14  0:25  SCV  
  15  0:39  SCV  
  15  0:42  Barracks  
  16  0:45  Refinery  
  16  0:51  SCV  
  17  1:04  SCV  
  18  1:16  SCV  
  19  1:29  Orbital Command  
  19  1:30  Reaper  
  20  1:44  Command Center  
  20  1:55  SCV  
  20  1:58  Supply Depot  
  21  2:04  Marine  
  22  2:10  SCV  
  23  2:22  SCV  
  24  2:23  Refinery  
  24  2:24  Marine  
  24  2:25  Factory  
  25  2:34  SCV  
  26  2:46  SCV  
  27  2:53  Barracks Reactor  
  27  2:56  Orbital Command  
  27  2:58  SCV  
  27  3:01  Supply Depot  
  28  3:09  Starport  
  28  3:10  Widow Mine  
  28  3:11  SCV  
  31  3:23  SCV x2  
  31  3:24  Supply Depot  
  33  3:30  Marine x2  
  35  3:35  SCV  
  35  3:36  SCV  
  37  3:41  Factory Tech Lab  
  37  3:47  SCV  
  37  3:48  Supply Depot, SCV, Marine x2  
  41  3:55  Liberator  
  44  3:59  SCV  
  44  4:00  Barracks, SCV  
  45  4:03  Siege Tank  
  45  4:05  Marine x2  
  50  4:11  SCV  
  50  4:12  SCV  
  52  4:23  Marine x2  
  54  4:27  Engineering Bay  
  54  4:29  Engineering Bay  
  54  4:30  Supply Depot  
  54  4:41  Marine x2  
  54  4:45  Widow Mine  
  58  4:46  Starport Reactor  
  58  4:47  Barracks Tech Lab  
  58  4:48  Barracks, SCV x2  
  60  4:52  Refinery  
  60  4:56  Supply Depot  
  60  5:00  SCV  
  60  5:01  SCV  
  62  5:14  Marine x3  
  62  5:15  SCV x2  
  67  5:27  SCV x2  
  69  5:31  Marine  
  69  5:38  Marine  
  69  5:39  SCV x2, Marine  
  69  5:40  Stimpack  
  69  5:41  Medivac x2  
  69  5:42  Siege Tank  
  80  5:46  Refinery  
  80  5:47  Supply Depot  
  80  5:49  Terran Infantry Weapons Level 1, Marine  
  81  5:51  SCV x2  
  81  5:52  Missile Turret  
  81  5:55  Barracks Reactor  
  85  5:57  Marauder  
  85  6:03  SCV  
  86  6:11  Command Center  
  86  6:13  Medivac  
  86  6:16  Barracks  
  88  6:19  Supply Depot  
  88  6:26  Terran Infantry Armor Level 1  
  88  6:28  Armory, SCV x2  
  88  6:32  Marine x2  
  90  6:34  Marine x2  
  94  6:41  Marauder, SCV x2  
  94  6:45  Supply Depot  
  98  6:50  Marine x2  
  100  6:56  Marine x2  
  102  7:03  Barracks, Siege Tank  
  102  7:07  Marauder  
  102  7:08  Marine x2  
  95  7:28  Marauder  
  95  7:31  SCV x2  
  95  7:35  Marine x3  
  100  7:38  Command Center  
  100  7:43  SCV x2  
  102  7:46  Barracks Reactor  
  102  7:47  Barracks  
  102  7:50  Marauder  
  98  7:54  Barracks Reactor  
  98  7:58  Barracks  
  96  8:02  Supply Depot  
  96  8:03  SCV x2  
  98  8:06  Marine x3  
  98  8:07  Marine  
Show
View Real Time Build Order
Export as new Build Order

Subwayeatn Zerg 

Build Orders: Hatch First 

Get SALT Encoding   

  12  0:00  Drone  
  13  0:13  Overlord  
  13  0:18  Drone  
  14  0:32  Drone x2  
  16  0:49  Hatchery  
  15  0:52  Drone  
  15  0:55  Drone  
  17  0:59  Drone  
  17  1:02  Extractor  
  17  1:17  Spawning Pool  
  16  1:20  Drone  
  16  1:22  Drone  
  18  1:31  Drone  
  19  1:49  Drone  
  19  1:52  Overlord  
  20  2:04  Queen x2  
  24  2:13  Drone x4  
  28  2:23  Zergling x4  
  30  2:34  Extractor  
  29  2:41  Drone x2  
  30  2:54  Queen  
  30  2:55  Overlord  
  32  3:03  Drone x3  
  35  3:06  Metabolic Boost  
  35  3:08  Drone  
  35  3:12  Overlord  
  36  3:13  Hatchery  
  35  3:23  Drone x4  
  39  3:32  Drone x2  
  41  3:34  Queen  
  41  3:35  Queen  
  45  3:50  Drone x4  
  48  4:03  Extractor  
  47  4:11  Overlord  
  47  4:15  Drone  
  47  4:16  Drone x3  
  51  4:26  Extractor  
  51  4:27  Extractor, Queen  
  51  4:29  Queen  
  51  4:30  Overlord  
  53  4:32  Drone x7  
  60  4:46  Drone x3  
  60  4:49  Drone  
  60  4:52  Drone x2  
  66  4:53  Drone x2  
  66  4:58  Drone x5  
  73  5:04  Spine Crawler  
  72  5:10  Zergling x2  
  72  5:11  Zergling x2  
  73  5:20  Zergling x2  
  73  5:22  Overlord  
  73  5:35  Overlord x2  
  73  5:36  Overlord  
  73  5:44  Lair  
  73  5:47  Baneling Nest  
  73  5:48  Zergling x8, Hatchery  
  75  6:02  Drone x2, Spine Crawler x2  
  75  6:07  Spine Crawler  
  75  6:09  Spore Crawler  
  73  6:20  Drone x6  
  79  6:29  Drone x2, Evolution Chamber x2  
  79  6:32  Baneling x3  
  79  6:33  Baneling x9  
  79  6:50  Extractor  
  79  6:51  Extractor  
  77  6:54  Spore Crawler  
  76  7:03  Spine Crawler  
  76  7:04  Spine Crawler  
  74  7:12  Centrifugal Hooks  
  68  7:30  Drone x11  
  68  7:31  Drone x6  
  85  8:19  Spore Crawler x2  
  83  8:20  Spore Crawler  
Tags
 
Add a new tag
Caveats
  • Supply blocks, unpowered buildings, or Contaminate may cause inaccurate times.
  • Supply counts are checked every 10 seconds.